 Dungeon Crawl Stone Soup version 0.30-a0-585-g93115170b9 (webtiles) character file.

Game seed: 3069641037085233645

6380 greasedhog the Cleaver (level 10, -5/65 HPs)
             Began as a Tengu Fighter on Jan 3, 2023.
             Was an Elder of Okawaru.
             Slain by a two-headed ogre
             ... wielding a +0 giant club
              (11 damage)
             ... on level 8 of the Dungeon.
             The game lasted 00:10:41 (7607 turns).

greasedhog the Cleaver (Tengu Fighter)              Turns: 7607, Time: 00:10:42

Health: -5/65      AC: 17    Str: 26    XL:     10   Next: 97%
Magic:  11/11      EV: 15    Int:  9    God:    Okawaru [****..]
Gold:   500        SH:  5    Dex: 14    Spells: 9/9 levels left

rFire   . . .      SeeInvis .    a - +0 war axe (venom)
rCold   + . .      Faith    .    c - +0 buckler
rNeg    . . .      Spirit   .    D - +0 plate armour
rPois   .          Reflect  .    q - +2 hat
rElec   .          Harm     .    p - +0 cloak
rCorr   .          Rampage  .    C - +0 pair of gloves
Will    .....                    (boots unavailable) Stlth
                                 (no amulet)
HPRegen 0.30/turn                o - ring "Wunucus" {rC+ Str+6}
MPRegen 0.12/turn                x - +5 ring of evasion

@: flying quickly and evasively, quick
A: beak, talons 3, nimble flight
a: Renounce Religion, Heroism, Finesse


You were on level 8 of the Dungeon.
You worshipped Okawaru.
Okawaru was greatly pleased with you.
You visited 2 branches of the dungeon, and saw 9 of its levels.

You collected 500 gold pieces.

Inventory:

Hand Weapons
 a - a +0 war axe of venom (weapon)
 G - a +5 mace
Armour
 c - a +0 buckler (worn)
 p - a +0 cloak (worn)
 q - a +2 hat (worn)
 C - a +0 pair of gloves (worn)
 D - a +0 plate armour (worn)
Jewellery
 l - a ring of ice
 o - the ring "Wunucus" (left hand) {rC+ Str+6}
   (You took it off a goblin on level 4 of the Dungeon)

   [ring of strength]

   Str:       It affects your strength (+6).
   rC:        It protects you from cold.
 x - a +5 ring of evasion (right hand)
 A - a ring of protection from fire
Wands
 d - a wand of flame (2)
 u - a wand of roots (1)
Scrolls
 b - 4 scrolls of enchant armour
 e - 2 scrolls of enchant weapon {unknown}
 j - 2 scrolls of silence {unknown}
 k - 2 scrolls of amnesia
 n - a scroll of torment {unknown}
 t - a scroll of vulnerability {unknown}
 v - a scroll of blinking {unknown}
 w - 2 scrolls of teleportation
 y - 3 scrolls of noise {unknown}
 B - a scroll of immolation {unknown}
 E - a scroll of summoning {unknown}
Potions
 f - 3 potions of attraction
 g - a potion of magic {unknown}
 h - 4 potions of mutation
 i - 2 potions of curing
 m - 3 potions of resistance {unknown}
 r - 4 potions of brilliance {unknown}
 s - a potion of degeneration {unknown}
 F - 2 potions of flight {unknown}


   Skills:
 * Level 8.8 Fighting
 * Level 12.7 Axes
 - Level 6.2 Armour
 - Level 5.2 Dodging
 - Level 5.0 Shields


You had 9 spell levels left.
You didn't know any spells.
Your spell library contained the following spells:

 Spells                   Type           Power      Damage    Failure   Level
 Apportation              Tloc           0%         N/A       99%         1
 Necrotise                Necr           0%         1d4       99%         1
 Gell's Gravitas          Tloc           0%         N/A       100%        3
 Lesser Beckoning         Tloc           0%         N/A       100%        3
 Teleport Other           Tloc           0%         N/A       100%        3
 Olgreb's Toxic Radiance  Pois           0%         N/A       100%        4
 Ozocubu's Refrigeration  Ice            0%         4d7       100%        7
 Ignition                 Fire           0%         3d3       100%        8
 Summon Small Mammal      Summ           Unusable   N/A       N/A         1

Dungeon Overview and Level Annotations

Branches:
Dungeon (8/15)             Temple (1/1) D:5
   Lair: D:8-11

Altars:
Ashenzari
Cheibriados
Dithmenos
Elyvilon
Fedhas
Gozag
Hepliaklqana
Kikubaaqudgha
Makhleb
Okawaru
Qazlal
Ru
Sif Muna
Trog
Uskayaw
Vehumet
Wu Jian
Xom
Yredelemnul
The Shining One

Shops:
D:4 *

Annotations:
D:6 2 transporters, yumyumyeen's ghost, amateur OgBe
D:7 3 runed translucent doors, Taurus's ghost, novice MiFi


Innate Abilities, Weirdness & Mutations

You have a beak for a mouth.
You have claws for feet.
Your magical nature lets you fly swiftly and evasively.


Message History

Roots grab the two-headed ogre.
The grasping roots constrict the two-headed ogre.
The two-headed ogre struggles to escape constriction.
Aiming: Throw Flame
Press: ? - help, Shift-Dir - straight line, f/p - two-headed ogre
Aim: a two-headed ogre, wielding two +0 giant clubs (lightly wounded, constricted by roots, 100% to hit)
The puff of flame hits the two-headed ogre.
The two-headed ogre is lightly wounded.
The grasping roots constrict the two-headed ogre!
The roots release their grip on the two-headed ogre.
That's the wrong kind of item! (Use * to select it.) Evoke which item? (* to show all) (? for menu, Esc to quit)
Aiming: Throw Flame
Press: ? - help, Shift-Dir - straight line, f/p - two-headed ogre
Aim: a two-headed ogre, wielding two +0 giant clubs (moderately wounded, 85% to hit)
The puff of flame misses the two-headed ogre.
Aiming: Throw Flame
Press: ? - help, Shift-Dir - straight line, f/p - two-headed ogre
Aim: a two-headed ogre, wielding two +0 giant clubs (moderately wounded, 85% to hit)
The puff of flame hits the two-headed ogre!
The two-headed ogre is moderately wounded.
The two-headed ogre hits you with a +0 giant club!!
The two-headed ogre hits you with a +0 giant club!
You slash the two-headed ogre!
The two-headed ogre is poisoned.
Your kick misses the two-headed ogre. You peck the two-headed ogre.
The two-headed ogre is severely wounded.
You slash the two-headed ogre!
The two-headed ogre looks as sick as possible!
Your kick misses the two-headed ogre.
The two-headed ogre is almost dead.
The two-headed ogre hits you with a +0 giant club!!
* * * LOW HITPOINT WARNING * * *
The two-headed ogre hits you with a +0 giant club!
* * * LOW HITPOINT WARNING * * *
You hit the two-headed ogre but do no damage.
The two-headed ogre looks as sick as possible!
Your kick misses the two-headed ogre. You peck the two-headed ogre.
The two-headed ogre is almost dead.
The two-headed ogre hits you with a +0 giant club!
You die...

..#####+##
.........##
...$#.....##
...........##
#...........#
............+
#...........#
###....<...#
.......@..##
#...#..O.....#
...
#.......... #
##.#....##. ..
#...# #..
..... ...
...#.. ...#
##.#..


You could see a two-headed ogre (extremely poisoned).

Vanquished Creatures
  A tengu warrior (D:7)
  A deep elf pyromancer (D:8)
  An unseen horror (D:6)
  A troll (D:6)
  2 hornets (D:7)
  Prince Ribbit (D:5)
  Grinder (D:4)
  Sigmund (D:4)
  A slime creature (D:8)
  A wraith (D:8)
  3 yaks
  A vampire (D:6)
  A wyvern (D:7)
  A vampire mosquito (D:6)
  A steam dragon (D:7)
  Edmund (D:4)
  3 water moccasins
  3 orc warriors
  2 black bears
  4 sky beasts
  An ogre (D:4)
  4 phantoms
  A kobold brigand (D:8)
  3 necrophages
  A scorpion (D:4)
  3 wights (D:7)
  5 howler monkeys
  6 hounds
  A jelly (D:6)
  Ijyb (D:4)
  3 orc wizards
  A mummy (D:3)
  9 adders
  A shadow imp (D:6)
  2 worms (D:2)
  2 dart slugs
  14 orcs
  12 ball pythons
  8 endoplasms
  4 giant cockroaches
  12 goblins
  6 hobgoblins
  4 jackals (D:5)
  3 quokkas
  4 bats
  2 frilled lizards
  10 kobolds
  5 rats
159 creatures vanquished.

Vanquished Creatures (others)
  A plant (D:8)
1 creature vanquished.

Grand Total: 160 creatures vanquished

Notes
Turn   | Place    | Note
-------+----------+-------------------------------------------
     0 | D:1      | greasedhog the Tengu Fighter began the quest for the Orb.
     0 | D:1      | Reached XP level 1. HP: 14/14 MP: 2/2
   207 | D:1      | Reached XP level 2. HP: 18/19 MP: 3/3
   292 | D:1      | Found a faded altar of an unknown god.
   475 | D:1      | Reached skill level 3 in Axes
   563 | D:1      | Reached XP level 3. HP: 23/23 MP: 4/4
  1037 | D:2      | Reached XP level 4. HP: 29/29 MP: 5/5
  1650 | D:3      | Found a snail-covered altar of Cheibriados.
  2062 | D:3      | Reached skill level 4 in Axes
  2621 | D:4      | Gained mutation: Your magical nature lets you fly swiftly
                  | and evasively. [Tengu growth]
  2621 | D:4      | Reached XP level 5. HP: 26/34 MP: 6/6
  2631 | D:4      | Identified the ring "Wunucus" {rC+ Str+6}
  2681 | D:4      | Reached skill level 5 in Fighting
  2681 | D:4      | Reached skill level 5 in Axes
  2681 | D:4      | Reached XP level 6. HP: 28/40 MP: 7/7
  2911 | D:4      | Noticed Sigmund
  2913 | D:4      | Noticed Edmund
  2916 | D:4      | Killed Sigmund
  2917 | D:4      | Reached skill level 6 in Axes
  2917 | D:4      | Reached XP level 7. HP: 34/44 MP: 8/8
  2923 | D:4      | Killed Edmund
  2924 | D:4      | Reached skill level 5 in Armour
  3051 | D:4      | Noticed Grinder
  3068 | D:4      | Killed Grinder
  3069 | D:4      | Reached skill level 7 in Axes
  3184 | D:4      | Found Reunubig's Assorted Antiques.
  3196 | D:4      | Reached XP level 8. HP: 49/49 MP: 9/9
  3300 | D:4      | Noticed Ijyb
  3305 | D:4      | Killed Ijyb
  3676 | D:4      | Reached skill level 1 in Dodging
  3721 | D:5      | Entered Level 5 of the Dungeon
  3746 | D:5      | Reached skill level 8 in Axes
  3967 | D:5      | Found a staircase to the Ecumenical Temple.
  3992 | Temple   | Entered the Ecumenical Temple
  4045 | Temple   | Became a worshipper of Warmaster Okawaru
  4377 | D:5      | Reached XP level 9. HP: 50/54 MP: 10/10
  4474 | D:6      | Noticed Prince Ribbit
  4487 | D:5      | Killed Prince Ribbit
  4488 | D:5      | Reached skill level 9 in Axes
  4488 | D:5      | Reached skill level 5 in Dodging
  4520 | D:5      | Reached * piety under Okawaru
  4782 | D:6      | Noticed a troll
  4793 | D:6      | Killed a troll
  4794 | D:6      | Reached skill level 10 in Axes
  4795 | D:6      | Reached skill level 5 in Shields
  4912 | D:6      | Killed an unseen horror
  4912 | D:6      | Reached ** piety under Okawaru
  5099 | D:6      | Found a transporter.
  5103 | D:6      | Found a transporter.
  5104 | D:6      | Noticed yumyumyeen's ghost (amateur OgBe)
  5119 | D:6      | Noticed a hornet
  5215 | D:6      | HP: 2/55 [something (4)]
  5496 | D:6      | Reached XP level 10. HP: 31/60 MP: 11/11
  5803 | D:6      | Reached skill level 11 in Axes
  6215 | D:7      | Reached *** piety under Okawaru
  6412 | D:7      | Found a runed translucent gate.
  6412 | D:7      | Noticed Taurus's ghost (novice MiFi)
  6413 | D:7      | Found a runed translucent gate.
  6413 | D:7      | Found a runed translucent gate.
  6414 | D:7      | Noticed a deep elf pyromancer
  7114 | D:7      | Reached skill level 12 in Axes
  7199 | D:8      | Noticed a deep elf pyromancer
  7201 | D:8      | Noticed a tengu warrior
  7214 | D:8      | Killed a deep elf pyromancer
  7233 | D:7      | Killed a tengu warrior
  7233 | D:7      | Reached **** piety under Okawaru
  7598 | D:8      | Noticed a two-headed ogre
  7607 | D:8      | Slain by a two-headed ogre

Illustrated notes

Levels and vault maps discovered:
D:1:      lemuel_arrival_tunnels, layout_loops_ring,
          shapermc_ecumenical_altar_venn
D:2:      layout_basic
D:3:      layout_basic, slow_altar_2, hangedman_decor_growths
D:4:      layout_basic, serial_shops, nicolae_shop_trees, minmay_vboxes,
          uniq_grinder, uniq_ijyb, uniq_sigmund, uniq_edmund
D:5:      layout_cave_pools, temple_green, chequers_serial_rivers_micro_b
D:6:      layout_loops_ring, gammafunk_ghost_hive, kb_rosetta,
          uniq_prince_ribbit1
D:7:      layout_basic, gammafunk_ghost_split
D:8:      cheibrodos_elevator_heist, layout_loops_corners,
          jmf_multi_god_temple2, erik_lair_orcish_takeover,
          lightli_bailey_entry_fortress, kennysheep_crisscross,
          hangedman_decor_lopped, chequers_serial_rivers_room_b
Temple:   hellmonk_temple_of_storms

Skill      XL: |  1  2  3  4  5  6  7  8  9 10 |
---------------+-------------------------------+-----
Axes           | 3 4 5 6 7 8 10 12 | 12.7
Fighting       | 4 5 6 8 |  8.8
Armour         | 4 5 6 |  6.2
Dodging        | 4 5 |  5.2
Shields        | 5 |  5.0

Action                   |  1- 3 |  4- 6 |  7- 9 | 10-12 || total
-------------------------+-------+-------+-------+-------++-------
Melee: War axe           |    78 |    95 |   200 |   141 ||   514
       Kick              |    17 |    19 |    63 |    41 ||   140
       Peck              |     7 |    15 |    34 |    26 ||    82
Invok: Heroism           |       |       |       |     1 ||     1
Evoke: Wand              |       |       |    13 |    11 ||    24
  Use: Scroll            |       |     5 |     1 |       ||     6
       Potion            |       |     1 |     7 |       ||     8
Armor: Scale mail        |    40 |     4 |       |       ||    44
       Chain mail        |       |    56 |    93 |       ||   149
       Plate armour      |       |       |       |    58 ||    58
Dodge: Dodged            |    24 |    27 |   124 |    70 ||   245
Block: Buckler           |    17 |    24 |    52 |    39 ||   132

Table legend: (Time is in decaauts)
 A = Elapsed time spent in this place.
 B = Non-inter-level travel time spent in this place.
 C = Inter-level travel time spent in this place.
 D = Time resting spent in this place.
 E = Time spent auto-exploring this place.
 F = Levels seen in this place.
 G = Mean time per level.
                   A        B        C        D        E       F      G
               +--------+--------+--------+--------+--------+-----+--------+
         Total |   7396 |   6879 |    517 |    890 |   4676 |   9 |  821.8 |
       Dungeon |   7332 |   6847 |    485 |    890 |   4659 |   8 |  916.5 |
        Temple |     64 |     32 |     32 |      0 |     16 |   1 |   64.0 |
               +--------+--------+--------+--------+--------+-----+--------+

Top non-repeatable levels by time:
     D:6: 1354 daAuts
     D:7: 1343 daAuts
     D:3: 1259 daAuts
     D:4: 1213 daAuts
     D:1: 844 daAuts
     D:5: 673 daAuts
     D:2: 537 daAuts
     D:8: 105 daAuts
  Temple: 64 daAuts
